Map: 16-Bit LE

Players

Namshar

  • Race: Zerg Zerg
  • League: Grandmaster
  • Spawn Location: 7:00

Harstem - Winner!

  • Race: Protoss Protoss
  • League: Master
  • Spawn Location: 1:00

Event: HomeStory Cup XVII

VOD

Have the link to the VOD?

Description

Time

  • Played on: June 30, 2018, 6:23 a.m.
  • Length: 11:33

All games in this series

Show
View Real Time Build Order
Export as new Build Order

Namshar Zerg 

Build Orders: Hatch First, Lurkers 

Get SALT Encoding   

  12  0:01  Drone  
  13  0:13  Overlord  
  13  0:17  Drone  
  14  0:31  Drone x2  
  14  0:35  Drone  
  17  0:53  Hatchery  
  17  0:56  Drone  
  17  0:59  Drone  
  18  1:10  Extractor  
  17  1:15  Spawning Pool  
  17  1:17  Drone  
  17  1:21  Drone  
  18  1:28  Drone  
  19  1:39  Drone  
  20  1:50  Overlord  
  20  2:01  Queen  
  20  2:04  Queen  
  20  2:05  Zergling x2, Drone  
  26  2:10  Metabolic Boost  
  26  2:12  Drone  
  27  2:16  Drone  
  28  2:24  Drone  
  28  2:26  Drone  
  30  2:37  Hatchery  
  30  2:41  Drone  
  30  2:46  Overlord  
  30  2:50  Drone x2  
  32  2:56  Queen  
  34  3:01  Drone x2  
  36  3:11  Drone x2  
  38  3:13  Drone x2  
  38  3:14  Drone x2  
  38  3:17  Overlord  
  42  3:22  Drone x2  
  44  3:31  Lair  
  44  3:36  Spore Crawler  
  44  3:38  Drone x2  
  44  3:39  Drone  
  44  3:40  Spore Crawler  
  45  3:44  Queen  
  45  3:46  Drone  
  48  3:49  Overlord  
  48  3:56  Extractor  
  48  3:58  Drone x4  
  48  3:59  Drone, Extractor  
  50  4:04  Drone  
  51  4:10  Drone x4  
  51  4:13  Drone  
  56  4:20  Drone  
  56  4:21  Drone x5  
  62  4:26  Evolution Chamber  
  62  4:28  Hydralisk Den  
  59  4:33  Drone  
  59  4:34  Drone x2  
  59  4:37  Drone  
  59  4:38  Drone  
  62  4:42  Overlord  
  62  4:43  Overlord  
  62  4:45  Drone x2  
  65  4:52  Drone  
  65  4:55  Spore Crawler  
  65  4:56  Zerg Missile Weapons Level 1  
  65  4:58  Grooved Spines  
  64  5:00  Queen  
  64  5:01  Extractor  
  64  5:03  Drone  
  64  5:04  Drone x3  
  69  5:07  Drone x3  
  69  5:11  Overseer  
  69  5:12  Overlord  
  72  5:17  Drone x2, Extractor  
  72  5:19  Extractor  
  73  5:21  Drone x4  
  73  5:27  Hatchery  
  75  5:30  Pneumatized Carapace  
  75  5:32  Overlord  
  75  5:36  Hydralisk x3  
  75  5:37  Hydralisk  
  83  5:46  Drone  
  83  5:47  Drone  
  83  5:48  Overlord x2  
  83  5:49  Hydralisk x2  
  89  6:04  Overseer  
  89  6:08  Overlord x2  
  89  6:10  Muscular Augments  
  89  6:16  Lurker Den, Hydralisk  
  89  6:17  Hydralisk x5  
  100  6:21  Hydralisk x2  
  100  6:24  Overlord x2  
  104  6:31  Drone x5  
  109  6:39  Drone x2  
  112  6:40  Drone x7  
  112  6:44  Overlord  
  118  6:52  Hydralisk x3  
  124  6:59  Extractor  
  124  7:00  Spore Crawler, Extractor  
  121  7:01  Queen  
  121  7:05  Hydralisk x3  
  121  7:06  Hydralisk x2  
  133  7:14  Hydralisk x5  
  143  7:43  Hydralisk x6  
  145  7:44  Zerg Missile Weapons Level 2  
  145  7:55  Hydralisk x7  
  145  7:57  Hatchery  
  156  8:10  Hydralisk  
  156  8:12  Overlord x3  
  158  8:13  Overlord x4  
  158  8:24  Lurker  
  158  8:25  Extractor  
  158  8:27  Extractor  
  158  8:33  Lurker x6  
  163  8:35  Hydralisk  
  163  8:36  Zergling x20  
  163  8:37  Zergling x2  
  176  8:47  Drone x5  
  176  8:48  Drone  
  182  8:49  Drone  
  182  8:51  Hydralisk  
  182  8:52  Hydralisk x5, Infestation Pit  
  194  9:00  Lurker  
  194  9:01  Lurker  
  194  9:03  Hydralisk  
  194  9:04  Zergling x10  
  158  9:30  Drone x11  
  132  9:43  Hydralisk x8  
  129  9:46  Drone  
  129  9:47  Drone x7  
  126  10:01  Drone x9  
  134  10:13  Queen  
  135  10:15  Drone x4  
  135  10:16  Drone  
  135  10:18  Hive  
  140  10:23  Hydralisk x3  
  146  10:29  Spire, Drone  
  146  10:33  Lurker x3  
  146  10:34  Lurker x2  
  146  10:35  Lurker  
  152  10:36  Lurker  
  152  10:37  Lurker  
  151  10:49  Hydralisk  
  151  10:50  Hydralisk x6  
  164  11:07  Lurker x4  
Show
View Real Time Build Order
Export as new Build Order

Harstem Protoss - Winner!

Build Orders: Nexus First, Oracle Opening, Archon Immortal 

Get SALT Encoding   

  12  0:01  Probe  
  13  0:13  Probe  
  14  0:18  Pylon  
  14  0:25  Probe  
  15  0:33  Probe  
  15  0:41  Probe  
  17  1:00  Nexus  
  17  1:09  Gateway, Probe  
  17  1:17  Probe  
  18  1:25  Assimilator  
  19  1:26  Probe  
  20  1:33  Assimilator  
  20  1:39  Probe  
  21  1:42  Pylon  
  21  1:51  Probe  
  22  1:56  Cybernetics Core  
  22  2:03  Probe  
  25  2:11  Probe  
  25  2:13  Probe  
  27  2:19  Probe  
  27  2:21  Probe  
  27  2:27  Probe  
  27  2:29  Probe  
  29  2:33  Stalker  
  29  2:34  Warp Gate  
  31  2:39  Probe  
  31  2:41  Probe  
  33  2:45  Stargate  
  33  2:51  Probe  
  34  2:53  Probe  
  35  3:03  Adept, Probe  
  38  3:05  Probe  
  39  3:15  Probe  
  39  3:17  Probe  
  39  3:18  Oracle  
  41  3:24  Pylon  
  41  3:27  Probe  
  41  3:30  Probe  
  46  3:40  Nexus  
  46  3:42  Probe x2  
  46  3:43  Pylon  
  46  3:47  Oracle, Assimilator  
  48  3:50  Assimilator  
  48  3:54  Probe x2  
  50  3:59  Pylon  
  53  4:03  Gateway  
  53  4:05  Gateway  
  53  4:06  Probe  
  53  4:09  Probe  
  55  4:18  Probe  
  55  4:19  Pylon  
  55  4:21  Probe  
  57  4:27  Robotics Facility  
  57  4:30  Probe  
  58  4:33  Probe  
  59  4:39  Forge  
  59  4:40  Twilight Council  
  59  4:44  Probe, Zealot  
  62  4:47  Probe  
  62  4:50  Probe  
  62  4:52  Probe  
  60  4:55  Probe  
  60  4:58  Probe  
  63  5:00  Probe  
  63  5:01  Forge  
  63  5:02  Zealot, Sentry, Protoss Ground Weapons Level 1  
  63  5:04  Probe  
  63  5:06  Sentry  
  71  5:08  Probe  
  71  5:11  Probe  
  74  5:15  Charge  
  74  5:16  Probe  
  74  5:19  Observer  
  74  5:20  Probe  
  76  5:23  Probe  
  76  5:24  Assimilator  
  76  5:26  Assimilator  
  79  5:28  Probe  
  79  5:30  Templar Archives  
  79  5:32  Probe  
  79  5:33  Pylon  
  79  5:34  Protoss Ground Armor Level 1  
  81  5:35  Probe  
  81  5:37  Zealot  
  81  5:42  Probe  
  84  5:43  Immortal, Shield Battery  
  84  5:44  Zealot  
  84  5:45  Zealot  
  94  5:58  Psionic Storm  
  94  6:04  Gateway  
  92  6:06  Gateway x2  
  92  6:07  Gateway  
  92  6:11  Pylon  
  92  6:15  Gateway  
  92  6:16  Immortal  
  92  6:17  Pylon  
  92  6:22  Phoenix  
  98  6:27  High Templar  
  98  6:29  High Templar  
  102  6:34  Photon Cannon  
  102  6:41  High Templar  
  102  6:46  Pylon  
  104  6:47  Gateway  
  104  6:51  Gateway  
  104  6:55  Immortal, Pylon  
  106  7:05  Zealot x3  
  106  7:06  High Templar x2  
  116  7:11  Protoss Ground Weapons Level 2  
  116  7:18  Zealot x3  
  116  7:22  Pylon  
  122  7:23  Photon Cannon, Pylon  
  122  7:25  Zealot x2  
  122  7:26  Zealot  
  121  7:38  Pylon  
  121  7:39  Pylon  
  121  7:41  Protoss Ground Armor Level 2  
  117  7:49  Zealot x8  
  133  7:54  Probe  
  133  7:56  Photon Cannon  
  133  7:57  Photon Cannon  
  133  7:58  Probe  
  133  8:00  Pylon  
  133  8:02  Oracle  
  129  8:08  Zealot x2  
  136  8:14  Observer  
  136  8:17  High Templar  
  136  8:18  High Templar, Zealot x2  
  143  8:21  Archon  
  143  8:29  Zealot x2  
  143  8:32  Robotics Facility, Pylon  
  147  8:42  Zealot x2  
  147  8:47  Pylon x2  
  151  8:50  Photon Cannon  
  151  8:53  Immortal  
  149  9:07  Zealot x7  
  163  9:18  Zealot x3  
  165  9:25  Immortal  
  161  9:35  Zealot x4  
  157  9:41  Warp Prism  
  153  9:48  High Templar  
  153  9:49  High Templar x4  
  153  9:50  High Templar  
  159  9:54  Archon x3  
  157  10:03  Nexus  
  157  10:05  Pylon  
  157  10:11  High Templar x2  
  157  10:15  Archon  
  157  10:23  Immortal, Zealot x5  
  157  10:24  Zealot  
  157  10:26  Pylon  
  173  10:42  Zealot x2  
  177  10:44  Zealot x3  
  180  10:52  Observer  
  181  11:00  Stalker x2  
  181  11:01  Zealot x3  
  181  11:02  Observer  
  188  11:15  Zealot x5  
Tags
 
Add a new tag
Caveats
  • Supply blocks, unpowered buildings, or Contaminate may cause inaccurate times.
  • Supply counts are checked every 10 seconds.